 Dungeon Crawl Stone Soup version 0.24.1-5-g77f818bfca (webtiles) character file.

Game seed: 4041661810070588995, levelgen mode: deterministic

10400 mtoz the Severer (level 11, -1/141 HPs)
             Began as a Minotaur Berserker on Jan 9, 2020.
             Was an Elder of Trog.
             Slain by a minotaur
             ... wielding the +5 quarterstaff "Poshraebb" {flame, *Contam +Fly rElec rF++}
              (15 damage)
             ... in a Gauntlet on Apr 27, 2020.
             The game lasted 01:14:46 (13532 turns).

mtoz the Severer (Minotaur Berserker)              Turns: 13532, Time: 01:14:46

Health: -1/141     AC: 15    Str: 34    XL:     11   Next: 35%
Magic:  10/10      EV:  9    Int:  4    God:    Trog [****..]
Gold:   757        SH:  0    Dex: 10    Spells: 10/10 levels left

rFire    . . .     SeeInvis +   p - +0 battleaxe
rCold    . . .     Gourm    .   (shield currently unavailable)
rNeg     . . .     Faith    .   q - +0 plate armour
rPois    .         Spirit   .   o - +0 hat of Analysis {SInv} (curse)
rElec    .         Reflect  .   (no cloak)
rCorr    .         Harm     .   (no gloves)
MR       ++...     NoTele   +   z - +0 pair of boots
Stlth    ..........             (no amulet)
HPRegen  1.33/turn              I - +2 ring of slaying
MPRegen  0.12/turn              b - +4 ring of strength

@: mighty, berserking, regenerating, very quick
A: retaliatory headbutt, horns 2
a: Berserk, Trog's Hand, Brothers in Arms, Renounce Religion


You were in a Gauntlet.
You worshipped Trog.
Trog was greatly pleased with you.
You were not hungry.

You visited 3 branches of the dungeon, and saw 13 of its levels.
You also visited: Gauntlet.

You collected 757 gold pieces.

Inventory:

Hand Weapons
 m - a +0 morningstar
 p - a +0 battleaxe (weapon)
Armour
 o - the cursed +0 hat of Analysis (worn) {SInv}
   (You found it on level 6 of the Dungeon)

   It lets you see invisible.
   It has a curse placed upon it.
 q - a +0 plate armour (worn)
 z - a +0 pair of boots (worn)
Magical Staves
 H - an uncursed staff of poison {unknown}
Jewellery
 b - a +4 ring of strength (right hand)
 i - an uncursed ring of ice
 w - an uncursed ring of see invisible
 C - an uncursed ring of poison resistance
 D - a +3 ring of evasion
 I - a +2 ring of slaying (left hand)
Wands
 a - a wand of digging (11)
 l - a wand of iceblast (6)
 x - a wand of enslavement (4)
Scrolls
 e - a scroll of fog
 h - 2 scrolls of enchant armour
 v - 3 scrolls of remove curse
 y - 2 scrolls of enchant weapon
 A - a scroll of vulnerability
 E - a scroll of teleportation {unknown}
 F - 2 scrolls of identify
Potions
 d - 2 potions of brilliance
 f - 3 potions of agility
 g - 3 potions of cancellation
 j - a potion of curing
 k - a potion of haste
 n - 2 potions of flight
 r - 2 potions of lignification
 s - a potion of heal wounds
 u - a potion of mutation
Miscellaneous
 B - a phial of floods
 G - a lamp of fire
Comestibles
 c - 7 rations


   Skills:
 + Level 8.1 Fighting
 * Level 17.0 Axes
 + Level 9.0 Armour
 + Level 3.3 Dodging
 + Level 0.8 Stealth


You had 10 spell levels left.
You didn't know any spells.
Your spell library was empty.

Dungeon Overview and Level Annotations

Branches:
Dungeon (9/15)             Temple (1/1) D:4            Lair (3/6) D:9
    Orc (0/2) D:9         Gauntlet (1/1)
  Swamp: Lair:2-4    Shoals: Lair:2-4     Snake: Lair:2-4    Spider: Lair:2-4

Altars:
Cheibriados
Dithmenos
Elyvilon
Gozag
Kikubaaqudgha
Makhleb
Nemelex Xobeh
Qazlal
Ru
Sif Muna
Trog
Xom

Annotations:
D:8 scroll over water
D:9 1 runed translucent door, raph's ghost, novice MiBe Gauntlet 8 transporters, exclusion: oklob plant


Innate Abilities, Weirdness & Mutations

You reflexively headbutt those who attack you in melee.
You have a pair of horns on your head.


Message History

* * * LOW HITPOINT WARNING * * *
The minotaur burns you.
* * * LOW HITPOINT WARNING * * *
The minotaur closely misses you.
You hit the minotaur. Your headbutt misses the minotaur.
The minotaur is moderately wounded.
You slash the minotaur! You headbutt the minotaur.
The minotaur is heavily wounded.
The minotaur hits you with the +5 quarterstaff "Poshraebb" {flame, *Contam +Fly rElec rF++}!!
* * * LOW HITPOINT WARNING * * *
The minotaur burns you.
* * * LOW HITPOINT WARNING * * *
The minotaur gores you but does no damage.
You are too berserk!
You slice the minotaur!! You headbutt the minotaur.
The minotaur is severely wounded.
You hit the minotaur but do no damage. You headbutt the minotaur!
The minotaur is almost dead.
The minotaur hits you with the +5 quarterstaff "Poshraebb" {flame, *Contam +Fly rElec rF++}!
You die...

##+### #.⌠..#
#...⌠+ +⌠... ..∩
#H# ######@#######
#.......(.....#
#.###.###.###.#
#.............#
###.###.###.###
#####.###.###.#####
.................
#.♣.♣.©.©.©.©.♣.♣.#
.................


You could see a minotaur.

Vanquished Creatures
  A ghost crab (Gauntlet)
  A two-headed ogre (D:8)
  A cyclops (D:8)
  5 spiny frogs
  An ice devil (Gauntlet)
  A komodo dragon (D:9)
  2 hornets (Gauntlet)
  3 blink frogs (Lair:1)
  6 yaks (Lair:1)
  2 hungry ghosts
  3 wargs (D:9)
  3 water moccasins
  2 porcupines
  A black bear (D:8)
  2 orc warriors
  An ice beast (D:7)
  2 phantoms (D:4)
  A hornet zombie (D:8)
  2 ogres
  4 centaurs
  2 crocodiles
  2 big kobolds
  7 bullfrogs
  3 water moccasin skeletons
  4 scorpions
  4 wights (D:9)
  2 electric eels (D:8)
  4 howler monkeys
  A crimson imp (D:5)
  A centaur zombie (D:7)
  A quasit (D:5)
  7 orc priests
  3 jellies
  3 hounds
  An iron imp (D:9)
  11 orc wizards
  3 iguanas
  Terence (D:3)
  8 worker ants
  A worker ant zombie (D:7)
  6 adders
  3 gnolls (D:7)
  A shadow imp (D:8)
  3 white imps (Gauntlet)
  4 oozes
  An adder zombie (D:7)
  3 adder skeletons
  5 worms
  3 dart slugs
  3 leopard geckos
  43 orcs
  5 bats
  4 giant cockroaches
  A hobgoblin (D:3)
  13 jackals
  2 quokkas
  7 frilled lizards
  7 goblins
  18 kobolds
  A leopard gecko skeleton (D:5)
  3 quokka skeletons
  11 rats
  A bush (Lair:2)
  4 demonic plants (Gauntlet)
  3 fungi
  7 plants
275 creatures vanquished.

Vanquished Creatures (collateral kills)
  A hungry ghost (D:8)
1 creature vanquished.

Vanquished Creatures (others)
  A bush (Lair:1)
  3 fungi
  7 plants
11 creatures vanquished.

Grand Total: 287 creatures vanquished

Notes
Turn   | Place    | Note
-------+----------+-------------------------------------------
     0 | D:1      | mtoz the Minotaur Berserker began the quest for the Orb.
     0 | D:1      | Reached XP level 1. HP: 19/19 MP: 0/0
    44 | D:1      | Reached XP level 2. HP: 26/27 MP: 1/1
    51 | D:1      | Reached skill level 4 in Axes
   133 | D:1      | Upgraded the game from 0.24.0-123-gd5b16e6ec5 to
                  | 0.24.1-5-g77f818bfca
   645 | D:2      | Reached ** piety under Trog
   645 | D:2      | Reached XP level 3. HP: 33/33 MP: 2/2
  1026 | D:2      | Reached skill level 5 in Axes
  1215 | D:2      | Reached XP level 4. HP: 38/41 MP: 3/3
  1764 | D:3      | Noticed Terence
  1767 | D:3      | Killed Terence
  1987 | D:3      | Reached XP level 5. HP: 44/47 MP: 4/4
  2021 | D:3      | Found a shimmering altar of Xom.
  2099 | D:3      | Reached skill level 6 in Axes
  2282 | D:4      | Reached *** piety under Trog
  2297 | D:4      | Found a staircase to the Ecumenical Temple.
  2311 | Temple   | Entered the Ecumenical Temple
  2328 | D:4      | Noticed a hungry ghost
  2347 | D:4      | Killed a hungry ghost
  2347 | D:4      | Reached skill level 7 in Axes
  2347 | D:4      | Reached XP level 6. HP: 53/53 MP: 5/5
  2656 | D:4      | Reached skill level 8 in Axes
  2854 | D:4      | Reached XP level 7. HP: 53/60 MP: 6/6
  3127 | D:4      | Reached skill level 9 in Axes
  3697 | D:5      | Entered Level 5 of the Dungeon
  3842 | D:5      | Found a shadowy altar of Dithmenos.
  4201 | D:5      | Reached skill level 5 in Fighting
  4201 | D:5      | Reached skill level 10 in Axes
  4201 | D:5      | Reached XP level 8. HP: 53/68 MP: 7/7
  4408 | D:5      | Reached **** piety under Trog
  4657 | D:5      | Reached skill level 5 in Armour
  4835 | D:5      | Identified the cursed +1 ring mail "Higauhes" {rF+ rC+
                  | Int+4}
  5126 | D:6      | Reached skill level 11 in Axes
  5554 | D:6      | Found a white marble altar of Elyvilon.
  5559 | D:6      | Got a warped hat
  5565 | D:6      | Identified the cursed +0 hat of Analysis {SInv} (You found
                  | it on level 6 of the Dungeon)
  5874 | D:7      | Found a shimmering blue altar of Sif Muna.
  5901 | D:7      | Reached skill level 12 in Axes
  5967 | D:7      | Reached XP level 9. HP: 71/74 MP: 8/8
  6471 | D:7      | Reached skill level 13 in Axes
  6475 | D:7      | Reached ***** piety under Trog
  6627 | D:7      | Found an ancient bone altar of Kikubaaqudgha.
  6627 | D:7      | Found a burning altar of Makhleb.
  7542 | D:8      | Noticed a cyclops
  7571 | D:8      | Noticed a two-headed ogre
  7584 | D:8      | Killed a two-headed ogre
  7584 | D:8      | Reached skill level 14 in Axes
  7853 | D:8      | Killed a cyclops
  7853 | D:8      | Reached XP level 10. HP: 84/84 MP: 9/9
  8910 | D:9      | Found a snail-covered altar of Cheibriados.
  8974 | D:9      | Found a runed translucent door.
  8975 | D:9      | Noticed raph's ghost (novice MiBe)
  9012 | D:9      | Found a shimmering altar of Xom.
  9154 | D:9      | Found a staircase to the Orcish Mines.
  9182 | D:9      | Found a snail-covered altar of Cheibriados.
  9455 | D:9      | Reached skill level 15 in Axes
  9621 | D:9      | Found a staircase to the Lair.
  9640 | Lair:1   | Entered Level 1 of the Lair of Beasts
  9707 | Lair:1   | HP: 2/84 [komodo dragon (21)]
 10479 | Lair:1   | Noticed a spiny frog
 10484 | Lair:1   | Killed a spiny frog
 10505 | Lair:1   | Reached skill level 16 in Axes
 10512 | Lair:1   | Noticed a spiny frog
 10517 | Lair:1   | Killed a spiny frog
 10637 | Lair:1   | Noticed a spiny frog
 10642 | Lair:1   | Killed a spiny frog
 10883 | Lair:1   | Reached XP level 11. HP: 80/93 MP: 10/10
 12544 | Lair:3   | Found a gate leading to a gauntlet.
 12553 | Gauntlet | Entered a Gauntlet
 12553 | Gauntlet | Found a transporter.
 12560 | Gauntlet | Found a transporter.
 12562 | Gauntlet | Found a transporter.
 12571 | Gauntlet | Found a transporter.
 12571 | Gauntlet | Noticed an oklob plant
 12573 | Gauntlet | Found a transporter.
 12575 | Gauntlet | Noticed a seven-headed hydra
 12590 | Gauntlet | Found a transporter.
 12597 | Gauntlet | Found a transporter.
 12607 | Gauntlet | Found a transporter.
 12614 | Gauntlet | Noticed a wretched star
 12617 | Gauntlet | Found a transporter.
 12632 | Gauntlet | Found a transporter.
 12647 | Gauntlet | Found a transporter.
 12648 | Gauntlet | Found a transporter.
 12692 | Gauntlet | Noticed a ghost crab
 12715 | Gauntlet | Found a transporter.
 12715 | Gauntlet | Found a transporter.
 12715 | Gauntlet | Noticed a thrashing horror
 12715 | Gauntlet | Noticed a thrashing horror
 12826 | Gauntlet | HP: 4/141 [ice devil (19)]
 13210 | Gauntlet | Paralysed by a hornet for 2 turns
 13323 | Gauntlet | Killed a ghost crab
 13323 | Gauntlet | Reached skill level 17 in Axes
 13521 | Gauntlet | Identified the +5 quarterstaff "Poshraebb" {flame, *Contam
                  | +Fly rElec rF++}
 13521 | Gauntlet | Noticed a minotaur
 13532 | Gauntlet | Slain by a minotaur

Levels and vault maps discovered:
D:1:      eino_arrival_tree_alley, layout_rooms
D:2:      layout_loops_cross, minmay_box_of_dots
D:3:      layout_rooms, nicolae_overflow_crystal_walls, uniq_terence
D:4:      layout_layer_cave, minmay_temple_entry_enclosed_plants, hex_large
D:5:      layout_basic, first_ration, nicolae_dithmenos_through_a_glass_darkly
D:6:      layout_gridville, minmay_misc_feat_hallway, elyvilon_altar_5
D:7:      layout_rooms, amethyst_overflow_temple_binary, led_sif_book
D:8:      layout_cave_pods, kennysheep_island_fort
D:9:      layout_basic, slow_altar_1, erik_lair_orcish_takeover, orc_0_dummy,
          ebering_ghost_funeral_grove, basic_altar, hangedman_fish_farm,
          xom_teletrap_fun
Temple:   eino_narrow_crystal_temple
Lair:1:   layout_small_grid, hangedman_lair_unloving_vines
Lair:2:   layout_loops_ring, serial_forest, infiniplex_forest_straight_3,
          infiniplex_forest_lined_room_, infiniplex_forest_end_1,
          infiniplex_forest_lined_2, serial_bayou_shore_b
Lair:3:   layout_long_grid, special_room [special_room_bee],
          gammafunk_ghost_berserking_beasts, gauntlet_entry_generic,
          lemuel_fruit_fields
Gauntlet: minmay_gauntlet_77_tree [minmay_gauntlet_arena_77_museum,
          minmay_gauntlet_arena_77_hold_the_fort,
          minmay_gauntlet_arena_77_squiggly,
          minmay_gauntlet_arena_77_terracotta_army,
          minmay_gauntlet_arena_77_tiled_triplets,
          minmay_gauntlet_arena_77_mirror,
          minmay_gauntlet_arena_77_radiant_squares, gauntlet_exit_hidden_loot]

Skill      XL: |  1  2  3  4  5  6  7  8  9 10 11 |
---------------+----------------------------------+-----
Fighting       | 4 5 6 7 8 |  8.1
Axes           | 4 5 7 8 10 12 14 16 17 | 17.0
Armour         | 3 4 6 7 8 9 |  9.0
Dodging        | 3 |  3.3
Stealth        | |  0.8

Action                   |  1- 3 |  4- 6 |  7- 9 | 10-12 || total
-------------------------+-------+-------+-------+-------++-------
Melee: Hand axe          |    87 |   103 |       |       ||   190
       Headbutt          |    16 |    20 |    40 |    61 ||   137
       War axe           |       |    19 |   126 |       ||   145
       Battleaxe         |       |       |   151 |   286 ||   437
Invok: Berserk           |       |     2 |     6 |     8 ||    16
       Trog's Hand       |       |     1 |     3 |     3 ||     7
       Brothers in Arms  |       |       |     1 |     2 ||     3
Evoke: Wand              |       |       |     6 |       ||     6
  Use: Scroll            |     6 |     5 |     4 |     8 ||    23
       Potion            |       |       |       |     2 ||     2
 Stab: Sleeping          |     1 |       |       |       ||     1
  Eat: Chunk             |     1 |     6 |    13 |     5 ||    25
       Ration            |       |     1 |     3 |     7 ||    11
Armor: Animal skin       |     1 |       |       |       ||     1
       Ring mail         |    21 |     7 |       |       ||    28
       Chain mail        |       |    46 |    53 |       ||    99
       Plate armour      |       |       |    89 |    89 ||   178
Dodge: Dodged            |    51 |    60 |   137 |   105 ||   353
